 Dungeon Crawl Stone Soup version 0.23.2-40-g277498a001 (webtiles) character file.

Game seed: 15904798129324788117

196 Descartes the Covered (level 5, 0/32 HPs)
             Began as a Tengu Fighter on Aug 30, 2019.
             Was an Initiate of Dithmenos.
             Succumbed to a worker ant's poison
             ... on level 4 of the Dungeon.
             The game lasted 00:04:35 (4139 turns).

Descartes the Covered (Tengu Fighter)               Turns: 4139, Time: 00:04:36

Health: 0/32       AC:  6    Str: 16    XL:     5   Next: 75%
Magic:  8/8        EV:  9    Int:  9    God:    Dithmenos [......]
Gold:   233        SH:  9    Dex: 14    Spells: 7/7 levels left

rFire    + . .     SeeInvis .   a - +0 long sword
rCold    . . .     Gourm    +   c - +0 shield
rNeg     . . .     Faith    .   s - +1 ring mail {rF+}
rPois    .         Spirit   .   (helmet restricted)
rElec    .         Reflect  .   x - scarf {repulsion}
rCorr    .         Harm     .   (no gloves)
MR       .....                  (boots unavailable)
Stlth    +.........             j - amulet of the gourmand
HPRegen  0.10/turn              (no ring)
MPRegen  0.11/turn              (no ring)

@: lethally poisoned (0 -> -10), repel missiles
A: beak, talons 3, able to fly
a: Fly, Renounce Religion


You were on level 4 of the Dungeon.
You worshipped Dithmenos.
Dithmenos was noncommittal.
You were very full.

You visited 2 branches of the dungeon, and saw 5 of its levels.

You collected 233 gold pieces.

Inventory:

Hand Weapons
 a - a +0 long sword (weapon)
Missiles
 n - 13 arrows
 u - 8 javelins of returning (quivered)
Armour
 c - a +0 shield (worn)
 s - a +1 ring mail of fire resistance (worn)
 x - a scarf of repulsion (worn)
Magical Staves
 t - an uncursed staff of cold
Jewellery
 j - an amulet of the gourmand (around neck)
Scrolls
 b - a scroll of identify {unknown}
 e - 3 scrolls of teleportation
 k - a scroll of amnesia {unknown}
 m - 2 scrolls of remove curse {unknown}
 o - a scroll of enchant weapon {unknown}
 p - a scroll of immolation {unknown}
 r - a scroll of fog {unknown}
Potions
 d - a potion of might
 g - 5 potions of lignification {unknown}
 h - a potion of brilliance {unknown}
 i - 2 potions of degeneration {unknown}
 l - a potion of haste {unknown}
 q - a potion of cancellation {unknown}
 v - a potion of invisibility {unknown}
 w - a potion of magic {unknown}
Comestibles
 f - 5 rations


   Skills:
 + Level 3.5 Fighting
 + Level 3.1 Long Blades
 + Level 3.8 Armour
 + Level 2.0 Dodging
 + Level 1.8 Stealth
 * Level 3.8 Shields
 + Level 1.5 Spellcasting


You had 7 spell levels left.
You didn't know any spells.
Your spell library contained the following spells:

 Spells                   Type           Power        Failure   Level  Hunger
 Passwall                 Tmut/Erth      #.......     99%         2    ###....
 Sticks to Snakes         Tmut           #.......     99%         2    ###....
 Conjure Flame            Conj/Fire      #.......     100%        3    ####...
 Inner Flame              Hex/Fire       #.......     100%        3    ####...
 Petrify                  Tmut/Erth      #.......     100%        4    #####..
 Blade Hands              Tmut           #.........   100%        5    ######.


Dungeon Overview and Level Annotations

Branches:
Dungeon (4/15)             Temple (1/1) D:4

Altars:
Ashenzari
Cheibriados
Dithmenos
Elyvilon
Fedhas
Gozag
Hepliaklqana
Nemelex Xobeh
Okawaru
Qazlal
Ru
Sif Muna
Trog
Uskayaw
Vehumet
Wu Jian
Xom
The Shining One


Innate Abilities, Weirdness & Mutations

You have a beak for a mouth.
You have claws for feet.
You can fly continuously.


Message History

The adder bites you but does no damage. The worker ant bites you.
You are poisoned.
The worker ant poisons you! The adder barely misses you.
You block the worker ant's attack.
You miss the adder. Your peck misses the adder.
You feel sick. You block the adder's attack.
The worker ant waves its antennae.
You block the worker ant's attack.
You hit the adder. Your kick misses the adder. Your peck misses the adder.
The adder is heavily wounded.
You feel sick. The adder bites you.
* * * LOW HITPOINT WARNING * * *
The worker ant bites you!
* * * LOW HITPOINT WARNING * * *
You are more poisoned.
The worker ant poisons you! The adder barely misses you.
You block the worker ant's attack.
You miss the adder.
The adder is heavily wounded.
You die...

.#.## ....# ## #.#.### ...
#.....# ##.####...#.#
..........#.#######
##.....$..#........
....>.....S@...!...
#........a........
#.#.##.########### #.#........#
#.#....###.#### #.#.#### #....#
#.#.# #....# #####.#.# #....#
#.......######....#############


You could see a worker ant and an adder.

Vanquished Creatures
  An orc priest (D:3)
  A bullfrog skeleton (D:4)
  3 gnolls (D:3)
  A howler monkey skeleton (D:4)
  4 adders (D:3)
  An ooze (D:4)
  4 worms
  2 dart slugs
  2 leopard geckos (D:3)
  3 orcs (D:3)
  2 ball pythons
  3 bats (D:3)
  2 giant cockroaches
  4 hobgoblins
  5 kobolds
  A quokka (D:4)
  3 frilled lizards
  5 rats
47 creatures vanquished.

Notes
Turn   | Place    | Note
-------+----------+-------------------------------------------
     0 | D:1      | Descartes the Tengu Fighter began the quest for the Orb.
     0 | D:1      | Reached XP level 1. HP: 14/14 MP: 2/2
   397 | D:1      | Reached XP level 2. HP: 19/19 MP: 3/3
  1322 | D:2      | Reached skill level 1 in Dodging
  1393 | D:2      | Reached XP level 3. HP: 18/23 MP: 4/4
  2105 | D:3      | Reached skill level 1 in Stealth
  2111 | D:3      | Reached skill level 1 in Spellcasting
  2111 | D:3      | Reached XP level 4. HP: 4/28 MP: 6/6
  3369 | D:3      | Gained mutation: You can fly continuously. [Tengu growth]
  3369 | D:3      | Reached XP level 5. HP: 32/32 MP: 7/7
  3554 | D:4      | Found a staircase to the Ecumenical Temple.
  3566 | Temple   | Entered the Ecumenical Temple
  3726 | Temple   | Became a worshipper of Dithmenos the Shadowed
  3850 | D:4      | Identified the Tome of Transmutation and Ignition
  4138 | D:4      | HP: 1/32 [worker ant (7)]
  4139 | D:4      | Succumbed to a worker ant's poison

Skill      XL: |  1  2  3  4  5 |
---------------+----------------+-----
Dodging        | 1 2 |  2.0
Stealth        | 1 |  1.8
Spellcasting   | 1 |  1.5
Long Blades    | 3 |  3.1
Fighting       | |  3.5
Armour         | |  3.8
Shields        | |  3.8

Action                   |  1- 3 |  4- 6 || total
-------------------------+-------+-------++-------
Melee: Long sword        |    66 |    57 ||   123
       Kick              |    16 |    12 ||    28
       Peck              |    11 |    11 ||    22
  Use: Scroll            |       |     1 ||     1
  Eat: Chunk             |    11 |     7 ||    18
Armor: Scale mail        |    24 |     8 ||    32
       Ring mail         |       |    12 ||    12
Dodge: Dodged            |    19 |    27 ||    46
Block: Shield            |    35 |    41 ||    76
       Rpst.: Long sword |     5 |     7 ||    12
